Map: Bel'Shir Vestige LE (Void)

Players

Columbo

  • Race: Protoss Protoss
  • League: Diamond
  • Spawn Location: 5:00

Kiwistan - Winner!

  • Race: Zerg Zerg
  • League: Diamond
  • Spawn Location: 11:00

VOD

Have the link to the VOD?

Description

Time

  • Played on: March 20, 2017, 3:23 p.m.
  • Length: 4:33
Show
View Real Time Build Order
Export as new Build Order

Columbo Protoss 

Build Orders:  

Get SALT Encoding   

  12  0:01  Probe (Chrono Boost)  
  13  0:12  Probe (Chrono Boost)  
  14  0:21  Pylon  
  14  0:24  Probe (Chrono Boost)  
  15  0:39  Probe (Chrono Boost)  
  16  0:44  Gateway  
  16  0:46  Assimilator  
  16  0:49  Probe (Chrono Boost)  
  17  1:00  Probe (Chrono Boost)  
  17  1:03  Forge  
  18  1:10  Probe (Chrono Boost)  
  19  1:19  Pylon  
  19  1:21  Probe (Chrono Boost)  
  20  1:39  Photon Cannon  
  20  1:43  Photon Cannon  
  20  1:45  Pylon  
  20  1:54  Cybernetics Core  
  20  2:17  Nexus  
  20  2:25  Probe (Chrono Boost)  
  21  2:33  Adept  
  23  2:46  Assimilator  
  23  2:47  Probe (Chrono Boost)  
  24  2:57  Adept  
  25  2:59  Probe (Chrono Boost)  
  27  3:12  Probe (Chrono Boost)  
  28  3:21  Twilight Council  
  28  3:24  Probe (Chrono Boost), Adept  
  29  3:33  Probe (Chrono Boost)  
  32  3:36  Probe (Chrono Boost)  
  33  3:44  Probe (Chrono Boost)  
  33  3:48  Probe (Chrono Boost)  
  35  3:54  Probe (Chrono Boost)  
  35  3:55  Pylon  
  36  4:00  Probe (Chrono Boost)  
  37  4:05  Mothership Core (Chrono Boost)  
  39  4:12  Probe (Chrono Boost)  
  42  4:26  Assimilator  
  42  4:28  Assimilator  
Show
View Real Time Build Order
Export as new Build Order

Kiwistan Zerg - Winner!

Build Orders: Pool First 

Get SALT Encoding   

  12  0:01  Drone  
  13  0:12  Overlord  
  13  0:16  Drone  
  14  0:30  Drone x2  
  14  0:34  Drone  
  17  0:44  Spawning Pool  
  16  0:50  Drone  
  17  1:08  Hatchery  
  16  1:12  Extractor  
  16  1:13  Drone  
  16  1:21  Drone x2  
  18  1:27  Drone  
  19  1:33  Queen  
  21  1:41  Zergling x2  
  22  1:52  Overlord  
  22  2:10  Extractor  
  22  2:13  Hatchery  
  21  2:22  Drone  
  21  2:23  Drone x2, Roach Warren, Queen  
  24  2:38  Overlord  
  24  2:57  Drone  
  24  2:58  Drone x2  
  27  3:03  Roach  
  29  3:07  Roach  
  31  3:18  Roach  
  33  3:24  Ravager  
  34  3:29  Ravager  
  35  3:40  Ravager  
  36  3:41  Drone x2  
  36  3:42  Drone x4  
  42  3:59  Overlord  
Tags
 
Add a new tag
Caveats
  • Supply blocks, unpowered buildings, or Contaminate may cause inaccurate times.
  • Supply counts are checked every 10 seconds.